 Dungeon Sprint DCSS version 0.23.2-40-g277498a001 (webtiles) character file.

Game seed: 16951459894688931602

266 Kaage the Fighter (level 6, -6/62 HPs)
             Began as a Hill Orc Fighter on Aug 31, 2019.
             Mangled by a slime creature (19 damage)
             ... in the Dungeon (Sprint I: "Red Sonja").
             The game lasted 00:00:33 (71 turns).

Kaage the Fighter (Hill Orc Fighter)                  Turns: 71, Time: 00:00:34

Health: -6/62      AC:  4    Str: 21    XL:     6   Next: 20%
Magic:  6/6        EV:  8    Int:  8    God:
Gold:   108        SH: 11    Dex: 10    Spells: 5/5 levels left

rFire    . . .     SeeInvis .   a - +0 rapier
rCold    . . .     Gourm    .   c - +0 shield
rNeg     . . .     Faith    .   b - +0 scale mail
rPois    .         Spirit   .   (no helmet)
rElec    .         Reflect  .   (no cloak)
rCorr    .         Harm     .   (no gloves)
MR       .....     NoTele   +   (no boots)
Stlth    ..........             (no amulet)
HPRegen  0.20/turn              (no ring)
MPRegen  0.10/turn              (no ring)

@: corroded
A: no striking features
a: no special abilities


You were in the Dungeon.
You were not hungry.

You visited 1 branch You collected 108 gold pieces.

Inventory:

Hand Weapons
 a - a +0 rapier (weapon)
Armour
 b - a +0 scale mail (worn)
 c - a +0 shield (worn)
Scrolls
 k - a scroll of blinking
Potions
 d - a potion of might
 e - a potion of curing
 g - a potion of heal wounds
 h - a potion of haste
 i - 2 potions of magic
 j - a potion of berserk rage
Comestibles
 f - a ration


   Skills:
 + Level 8.4 Fighting
 + Level 5.6 Short Blades
 + Level 7.5 Armour
 + Level 8.2 Shields


You had 5 spell levels left.
You didn't know any spells.
Your spell library was empty.

Dungeon Overview and Level Annotations

Branches:
Dungeon (1/1)

Altars:
Makhleb
Sif Muna
Vehumet
Wu Jian
Xom
Jiyva
Lugonu


Message History

The jelly hits you but does no damage. You block the slime creature's attack.
You barely miss the slime creature.
The slime creature is lightly wounded.
The jelly hits you. The acid corrodes you!
You are splashed with acid!
* * * LOW HITPOINT WARNING * * *
The slime creature closely misses you.
You hit the slime creature.
The slime creature is moderately wounded.
The jelly hits you but does no damage. The slime creature hits you.
* * * LOW HITPOINT WARNING * * *
You hit the slime creature but do no damage.
The slime creature is lightly wounded.
The jelly hits you but does no damage. You block the slime creature's attack.
You barely miss the slime creature.
The slime creature is lightly wounded.
You block the jelly's attack.
You hit the slime creature.
The slime creature is moderately wounded.
The slime creature hits you!!
You die...

###################
#<.#..').#..'..#__#
#..').#..').#..'..+
#..#####+#####J#__#
#..# #@# ## #..#
#J# #..# _.+ #⌠⌠#
.._# #### _.#+# ##+


You could see a slime creature and a jelly.

Vanquished Creatures
  Sigmund (D)
  An ogre (D)
  Ijyb (D)
3 creatures vanquished.

Notes
Turn   | Place    | Note
-------+----------+-------------------------------------------
     0 | D        | Kaage the Hill Orc Fighter began the quest for the Orb.
     0 | D        | Reached XP level 1. HP: 19/19 MP: 1/1
     2 | D        | Noticed Ijyb
    15 | D        | Killed Ijyb
    15 | D        | Reached skill level 5 in Fighting
    15 | D        | Reached XP level 2. HP: 29/29 MP: 2/2
    15 | D        | Reached XP level 3. HP: 36/36 MP: 3/3
    19 | D        | Noticed an ogre
    29 | D        | Killed an ogre
    29 | D        | Reached XP level 4. HP: 28/45 MP: 4/4
    33 | D        | Noticed Sigmund
    45 | D        | Killed Sigmund
    45 | D        | Reached skill level 5 in Short Blades
    45 | D        | Reached XP level 5. HP: 21/56 MP: 5/5
    45 | D        | Reached XP level 6. HP: 23/62 MP: 6/6
    60 | D        | Found an ornate altar of the Wu Jian Council.
    60 | D        | Found a deep blue altar of Sif Muna.
    61 | D        | Found a burning altar of Makhleb.
    61 | D        | Found a viscous altar of Jiyva.
    61 | D        | Found a shimmering altar of Xom.
    61 | D        | Found a corrupted altar of Lugonu.
    61 | D        | Noticed a slime creature
    63 | D        | Found a radiant altar of Vehumet.
    71 | D        | Mangled by a slime creature

Skill      XL: |  1  2  3  4 |
---------------+-------------+-----
Fighting       | 5 6 8 |  8.4
Armour         | 4 6 7 |  7.5
Shields        | 4 6 8 |  8.2
Short Blades   | 3 5 |  5.6

Action                   |  1- 3 |  4- 6 || total
-------------------------+-------+-------++-------
Melee: Rapier            |    21 |    19 ||    40
Armor: Scale mail        |     4 |     5 ||     9
Dodge: Dodged            |     2 |     3 ||     5
Block: Shield            |    10 |     6 ||    16
